 Dungeon Crawl Stone Soup version 0.31.0-7-gf635a9b802 (webtiles) character file.

Game seed: 11913366188581321016

7 RancidPinata the Sneak (level 2, -1/21 HPs)
             Began as an Octopode Delver on Jan 23, 2024.
             Incinerated by a bombardier beetle (3 damage)
             ... with a burning spray
             ... on level 6 of the Dungeon.
             The game lasted 00:00:50 (128 turns).

RancidPinata the Sneak (Octopode Delver)             Turns: 128, Time: 00:00:51

Health: -1/21      AC:  1    Str: 11    XL:     2   Next: 0%
Magic:  2/2        EV: 13    Int: 18    God:
Gold:   4          SH:  0    Dex: 13    Spells: 1/1 levels left

rFire   . . .        a - +0 short sword
rCold   . . .        (no shield)
rNeg    . . .        (helmet restricted)
rPois   .            (no amulet)
rElec   .            g - +6 ring of intelligence
rCorr   .            (no ring)
SInv    .            (no ring)
Will    .....        (no ring)
Stlth   ++           (no ring)
HPRegen 0.23/turn    (no ring)
MPRegen 0.08/turn    (no ring)
                     (no ring)

%: no passive effects
@: on fire, hasted, glowing, very quick
A: almost no armour, amphibious, 8 rings, camouflage 1, gelatinous body 1,
(nimble swimmer 1), tentacles
a: no special abilities


You were on level 6 of the Dungeon.
You visited 1 branch of the dungeon, and saw 2 of its levels.

You collected 4 gold pieces.

Inventory:

Hand Weapons
 a - a +0 short sword (weapon)
Jewellery
 g - a +6 ring of intelligence (left tentacle)
Wands
 f - a wand of digging (3)
Scrolls
 b - a scroll of fog
 c - a scroll of revelation
 d - a scroll of fear


   Skills:
 + Level 3.1 Fighting
 + Level 2.1 Short Blades
 + Level 2.1 Dodging
 + Level 6.7 Stealth


You had one spell level left.
You didn't know any spells.
Your spell library was empty.

Dungeon Overview and Level Annotations

Branches:
Dungeon (6/15)
 Temple: D:4-7

Altars:


Innate Abilities, Weirdness & Mutations

You cannot wear most types of armour.
You are amphibious.
You can wear up to eight rings at the same time.
Your skin changes colour to match your surroundings (Stealth+).
Your rubbery body absorbs attacks. (AC +1, EV +1)
((You are camouflaged when in or above water. (Stealth+)))
You have tentacles for arms and can constrict up to eight enemies at once.


Message History

Okay, then.
Okay, then.
You close the door.
There is an open door here.
There is a stone staircase leading up here.
Found 4 gold pieces.
You now have 4 gold pieces.
A bombardier beetle comes into view.
You hit the bombardier beetle but do no damage.
Your grab misses the bombardier beetle.
The bombardier beetle sprays incendiary fluid at you.
The burning spray hits you.
You are covered in liquid fire!
You hit the bombardier beetle but do no damage.
You grab the bombardier beetle. The liquid fire burns you!
You constrict the bombardier beetle, but do no damage.
You hit the bombardier beetle but do no damage.
You squeeze the bombardier beetle, but do no damage.
The liquid fire burns you!
You constrict the bombardier beetle.
The bombardier beetle closely misses you.
You barely miss the bombardier beetle. The liquid fire burns you!
You constrict the bombardier beetle, but do no damage.
You hit the bombardier beetle but do no damage.
The liquid fire burns you!
* * * LOW HITPOINT WARNING * * *
You constrict the bombardier beetle.
The bombardier beetle sprays incendiary fluid at you.
The burning spray hits you.
You are even more covered in liquid fire!
You completely miss the bombardier beetle.
The bombardier beetle is lightly wounded.
The liquid fire burns you!
* * * LOW HITPOINT WARNING * * *
You constrict the bombardier beetle.
You feel yourself speed up. The liquid fire burns you!
You die...

## #.# ########
#..#.##... ..# #
..###.#.####.#
#.##..#B@.....#.#
.#....###.##.#.#
....^. #.##.#.#
##... #......####
##.# ####......#
#.# ######.# #.#
#.# ##+## #.#
##...## #.#


You could see a bombardier beetle.

Vanquished Creatures
  A white imp (D:6)
1 creature vanquished.

Notes
Turn   | Place    | Note
-------+----------+-------------------------------------------
     0 | D:5      | RancidPinata the Octopode Delver began the quest for the
                  | Orb.
     0 | D:5      | Reached XP level 1. HP: 16/16 MP: 1/1
    41 | D:6      | Reached XP level 2. HP: 12/21 MP: 2/2
    85 | D:6      | Noticed a sky beast
   120 | D:6      | Noticed a bombardier beetle
   128 | D:6      | Incinerated by a bombardier beetle

Illustrated notes

Levels and vault maps discovered:
D:5:      layout_rooms, general_overflow_altar,
          regret_index_kikubaaqudgha_part_by_part, nicolae_figureground_pulse,
          uniq_pikel
D:6:      layout_loops_corners, gammafunk_temple_overflow_pools,
          minmay_temple_entry_waves

Action                     || total
---------------------------++-------
  Melee: Short sword       ||    13
         Constrict         ||     2
         Tentacles         ||     1
    Use: Potion            ||     1
 Armour: Skin              ||     3
  Dodge: Dodged            ||     4
